 Dungeon Crawl Stone Soup version 0.23.0-3-gf3c87f2 (webtiles) character file.

Game seed: 6586346060133840046

2821 vishdafish the Magician (level 9, 0/71 HPs)
             Began as a Gnoll Skald on Feb 20, 2019.
             Was a Priest of Okawaru.
             Succumbed to a worker ant's poison
             ... on level 8 of the Dungeon.
             The game lasted 00:13:51 (7706 turns).

vishdafish the Magician (Gnoll Skald)               Turns: 7706, Time: 00:13:52

Health: 0/71       AC:  9    Str: 11 (14) XL:     9   Next: 73%
Magic:  11/19      EV: 13    Int: 16 (19) God:    Okawaru [***...]
Gold:   347        SH:  0    Dex: 11 (14) Spells: 16/21 levels left

rFire    + . .     SeeInvis .   a - +0 falchion
rCold    . . .     Gourm    .   (no shield)
rNeg     . . .     Faith    +   y - +2 ring mail of Broken Taboos {rF+}
rPois    .         Spirit   .   z - +0 helmet
rElec    .         Reflect  .   (no cloak)
rCorr    .         Harm     .   (no gloves)
MR       .....                  (no boots)
Stlth    +++.......             t - amulet of faith
HPRegen  0.21/turn              D - ring of stealth
MPRegen  0.16/turn              (no ring)

@: lethally poisoned (0 -> -3), infused
A: distributed training, fangs 1, strong nose
a: Heroism, Renounce Religion


You were on level 8 of the Dungeon.
You worshipped Okawaru.
Okawaru was most pleased with you.
You were hungry.

You visited 2 branches of the dungeon, and saw 9 of its levels.

You collected 347 gold pieces.

Inventory:

Hand Weapons
 a - a +0 falchion (weapon)
Missiles
 w - 6 javelins (quivered)
Armour
 b - a +0 leather armour
 r - a +0 chain mail
 y - the +2 ring mail of Broken Taboos (worn) {rF+}
   (You found it on level 5 of the Dungeon)

   It protects you from fire.
 z - a +0 helmet (worn)
 B - a +2 leather armour of magic resistance
Jewellery
 p - a +3 amulet of reflection {unknown}
 q - an uncursed amulet of faith
 t - an amulet of faith (around neck)
 A - an uncursed amulet of the gourmand {unknown}
 D - a ring of stealth (left hand)
Wands
 m - a wand of random effects (43)
 C - a wand of enslavement (9)
Scrolls
 c - a scroll of fear {unknown}
 f - a scroll of fog
 h - 2 scrolls of remove curse {unknown}
 i - a scroll of amnesia
 j - 4 scrolls of identify {unknown}
 k - 2 scrolls of immolation {unknown}
 u - a scroll of noise {unknown}
 v - a scroll of silence {unknown}
 x - a scroll of summoning {unknown}
 E - a scroll of enchant weapon {unknown}
 F - a scroll of vulnerability {unknown}
Potions
 e - 2 potions of berserk rage {unknown}
 g - 2 potions of mutation {unknown}
 l - a potion of cancellation {unknown}
 s - a potion of flight {unknown}
 G - a potion of resistance {unknown}
Comestibles
 d - 5 rations


   Skills:
 + Level 6.4 Fighting
 + Level 4.4 Short Blades
 + Level 6.4 Long Blades
 + Level 4.4 Axes
 + Level 4.4 Maces & Flails
 + Level 4.4 Polearms
 + Level 4.4 Staves
 + Level 4.4 Slings
 + Level 4.4 Bows
 + Level 4.4 Crossbows
 + Level 4.4 Throwing
 + Level 5.2 Armour
 + Level 6.4 Dodging
 + Level 4.4 Stealth
 + Level 4.4 Shields
 + Level 4.4 Unarmed Combat
 + Level 6.7 Spellcasting
 + Level 3.6 Conjurations
 + Level 3.6 Hexes
 + Level 6.6 Charms
 + Level 3.6 Summonings
 + Level 3.6 Necromancy
 + Level 3.6 Translocations
 + Level 3.6 Transmutations
 + Level 3.6 Fire Magic
 + Level 3.6 Ice Magic
 + Level 3.6 Air Magic
 + Level 3.6 Earth Magic
 + Level 3.6 Poison Magic
 + Level 4.9 Invocations
 + Level 4.4 Evocations


You had 16 spell levels left.
You knew the following spells:

 Your Spells              Type           Power        Failure   Level  Hunger
a - Infusion              Chrm           ####         1%          1    None
b - Song of Slaying       Chrm           ####....     2%          2    None
c - Shroud of Golubria    Chrm/Tloc      ###.......   4%          2    None

Your spell library contained the following spells:

 Spells                   Type           Power        Failure   Level  Hunger
 Regeneration             Chrm/Necr      ###.......   10%         3    ##.....
 Spectral Weapon          Hex/Chrm       ###.....     10%         3    ##.....


Dungeon Overview and Level Annotations

Branches:
Dungeon (8/15)             Temple (1/1) D:4
   Lair: D:8-11

Altars:
Ashenzari
Elyvilon
Fedhas
Gozag
Hepliaklqana
Kikubaaqudgha
Makhleb
Nemelex Xobeh
Okawaru
Qazlal
Ru
Sif Muna
Wu Jian
Xom
Yredelemnul
Zin


Innate Abilities, Weirdness & Mutations

Your experience applies equally to all skills.
You have very sharp teeth.
Your uncanny sense of smell can sniff out nearby items.


Message History

You barely miss the worker ant.
You bite the worker ant, but do no damage.
The worker ant bites you!
* * * LOW HITPOINT WARNING * * *
Okay, then.
Casting: Infusion (safe; 1% risk of failure)
Confirm with . or Enter, or press ? or * to list all spells.
Okay, then.
Evoke which item? (* to show all) (? for menu, Esc to quit)
Aiming: Enslavement
Press: ? - help, Shift-Dir - straight line, f - worker ant
Aim: a worker ant (chance to defeat MR: 67%)
The worker ant is charmed.
* * * LOW HITPOINT WARNING * * *
You feel sick.
Okay, then.
It was a potion of degeneration.
There was something very wrong with that liquid.
You feel weakened.
You feel dopey.
You feel clumsy.
You die...

..........#..###
#######...#..#
##.###.# #.#
#!########### #.#
#......$....#
#.###.###....?...
#........†.####.#
###.###a)# ..#
#@.# ### #..#
..... .#..##.#
#.#..# # . #..#
## #..# ...# ∆


You could see a friendly worker ant.

Vanquished Creatures
  Grinder (D:5)
  A hornet (D:7)
  Duvessa (D:6)
  An orc warrior (D:7)
  2 sky beasts
  A black bear (D:7)
  2 ice beasts
  2 ogres (D:4)
  A phantom (D:5)
  A centaur (D:5)
  Dowan (D:6)
  3 scorpions
  4 howler monkeys
  2 vampire bats (D:2)
  2 bullfrog zombies
  A jelly (D:4)
  2 hounds
  4 orc priests
  A bullfrog skeleton (D:5)
  3 iguanas
  4 orc wizards
  6 worker ants
  2 hound zombies
  10 adders
  10 gnolls
  A shadow imp (D:7)
  An ooze (D:2)
  2 adder skeletons (D:5)
  2 worms (D:2)
  A dart slug (D:3)
  5 leopard geckos
  30 orcs
  5 ball pythons
  4 bat skeletons (D:2)
  2 bat zombies (D:2)
  3 giant cockroaches
  9 goblins
  10 hobgoblins
  3 jackals (D:3)
  2 kobolds
  5 quokkas
  7 bats
  8 frilled lizards
  A leopard gecko skeleton (D:4)
  A quokka skeleton (D:7)
  7 rats
177 creatures vanquished.

Vanquished Creatures (collateral kills)
  An orc (D:7)
1 creature vanquished.

Vanquished Creatures (others)
  A quokka (D:2)
1 creature vanquished.

Grand Total: 179 creatures vanquished

Notes
Turn   | Place    | Note
-------+----------+-------------------------------------------
     0 | D:1      | vishdafish the Gnoll Skald began the quest for the Orb.
     0 | D:1      | Reached XP level 1. HP: 20/20 MP: 6/6
   179 | D:1      | Reached XP level 2. HP: 26/26 MP: 7/7
   634 | D:2      | Reached XP level 3. HP: 17/31 MP: 3/9
   649 | D:2      | Reached skill level 5 in Spellcasting
   740 | D:2      | Reached skill level 1 in Invocations
   763 | D:2      | Reached skill level 1 in Short Blades
   763 | D:2      | Reached skill level 1 in Axes
   763 | D:2      | Reached skill level 1 in Maces & Flails
   763 | D:2      | Reached skill level 1 in Polearms
   763 | D:2      | Reached skill level 1 in Staves
   763 | D:2      | Reached skill level 1 in Slings
   763 | D:2      | Reached skill level 1 in Bows
   763 | D:2      | Reached skill level 1 in Crossbows
   763 | D:2      | Reached skill level 1 in Throwing
   763 | D:2      | Reached skill level 1 in Stealth
   763 | D:2      | Reached skill level 1 in Shields
   763 | D:2      | Reached skill level 1 in Unarmed Combat
   763 | D:2      | Reached skill level 1 in Evocations
   763 | D:2      | Reached XP level 4. HP: 12/38 MP: 2/11
   940 | D:2      | Learned a level 2 spell: Song of Slaying
   943 | D:2      | Learned a level 2 spell: Shroud of Golubria
  1083 | D:2      | Found a sacrificial altar of Ru.
  1119 | D:2      | Reached skill level 1 in Conjurations
  1119 | D:2      | Reached skill level 1 in Hexes
  1119 | D:2      | Reached skill level 1 in Summonings
  1119 | D:2      | Reached skill level 1 in Necromancy
  1119 | D:2      | Reached skill level 1 in Translocations
  1119 | D:2      | Reached skill level 1 in Transmutations
  1119 | D:2      | Reached skill level 1 in Fire Magic
  1119 | D:2      | Reached skill level 1 in Ice Magic
  1119 | D:2      | Reached skill level 1 in Air Magic
  1119 | D:2      | Reached skill level 1 in Earth Magic
  1119 | D:2      | Reached skill level 1 in Poison Magic
  1136 | D:2      | Found an ancient bone altar of Kikubaaqudgha.
  1157 | D:2      | Reached XP level 5. HP: 22/43 MP: 9/12
  1220 | D:2      | Found a white marble altar of Elyvilon.
  1293 | D:2      | Found a hazy altar of Hepliaklqana.
  1330 | D:2      | Found an ornate altar of the Wu Jian Council.
  1555 | D:2      | Found a shimmering altar of Xom.
  1555 | D:2      | Found a shimmering altar of Xom.
  1557 | D:2      | Found a shimmering altar of Xom.
  1558 | D:2      | Found a shimmering altar of Xom.
  1559 | D:2      | Found a shimmering altar of Xom.
  1559 | D:2      | Found a shimmering altar of Xom.
  1900 | D:2      | Found a deep blue altar of Sif Muna.
  2260 | D:3      | Noticed a sky beast
  2276 | D:3      | Reached XP level 6. HP: 45/50 MP: 6/13
  2288 | D:3      | Killed a sky beast
  2288 | D:3      | Reached skill level 5 in Fighting
  2288 | D:3      | Reached skill level 5 in Long Blades
  2288 | D:3      | Reached skill level 5 in Dodging
  3421 | D:3      | Reached XP level 7. HP: 23/56 MP: 5/15
  3906 | D:4      | Found a staircase to the Ecumenical Temple.
  3940 | Temple   | Entered the Ecumenical Temple
  4012 | Temple   | Became a worshipper of Warmaster Okawaru
  4568 | D:5      | Entered Level 5 of the Dungeon
  4573 | D:5      | Noticed Grinder
  4576 | D:5      | Paralysed by Grinder for 5 turns
  4584 | D:5      | Paralysed by Grinder for 5 turns
  4600 | D:5      | Killed Grinder
  4600 | D:5      | Reached * piety under Okawaru
  4600 | D:5      | Reached XP level 8. HP: 19/63 MP: 8/16
  5287 | D:5      | Found a sparkling altar of Nemelex Xobeh.
  5287 | D:5      | Found a shattered altar of Ashenzari.
  5325 | D:5      | Found a burning altar of Makhleb.
  5325 | D:5      | Found a glowing silver altar of Zin.
  5428 | D:5      | Reached ** piety under Okawaru
  5754 | D:5      | Got a spiked ring mail
  5765 | D:5      | Identified the +2 ring mail of Broken Taboos {rF+} (You
                  | found it on level 5 of the Dungeon)
  6111 | D:6      | Noticed Duvessa
  6112 | D:6      | Noticed Dowan
  6129 | D:6      | Killed Duvessa
  6133 | D:6      | Killed Dowan
  6133 | D:6      | Reached XP level 9. HP: 25/69 MP: 2/18
  6838 | D:7      | Noticed a hornet
  6840 | D:7      | Paralysed by a hornet for 3 turns
  6850 | D:7      | Killed a hornet
  6973 | D:7      | Reached *** piety under Okawaru
  7088 | D:7      | Reached skill level 5 in Armour
  7704 | D:8      | HP: 2/71 [worker ant (7)]
  7706 | D:8      | Succumbed to a worker ant's poison

Skill      XL: |  1  2  3  4  5  6  7  8  9 |
---------------+----------------------------+-----
Spellcasting   | 5 6 |  6.7
Invocations    | 1 2 3 4 |  4.9
Short Blades   | 1 2 3 4 |  4.4
Axes           | 1 2 3 4 |  4.4
Maces & Flails | 1 2 3 4 |  4.4
Polearms       | 1 2 3 4 |  4.4
Staves         | 1 2 3 4 |  4.4
Slings         | 1 2 3 4 |  4.4
Bows           | 1 2 3 4 |  4.4
Crossbows      | 1 2 3 4 |  4.4
Throwing       | 1 2 3 4 |  4.4
Stealth        | 1 2 3 4 |  4.4
Shields        | 1 2 3 4 |  4.4
Unarmed Combat | 1 2 3 4 |  4.4
Evocations     | 1 2 3 4 |  4.4
Conjurations   | 1 2 3 |  3.6
Hexes          | 1 2 3 |  3.6
Summonings     | 1 2 3 |  3.6
Necromancy     | 1 2 3 |  3.6
Translocations | 1 2 3 |  3.6
Transmutations | 1 2 3 |  3.6
Fire Magic     | 1 2 3 |  3.6
Ice Magic      | 1 2 3 |  3.6
Air Magic      | 1 2 3 |  3.6
Earth Magic    | 1 2 3 |  3.6
Poison Magic   | 1 2 3 |  3.6
Armour         | 3 4 5 |  5.2
Fighting       | 5 6 |  6.4
Long Blades    | 5 6 |  6.4
Dodging        | 5 6 |  6.4
Charms         | 6 |  6.6

Action                   |  1- 3 |  4- 6 |  7- 9 || total
-------------------------+-------+-------+-------++-------
Melee: Falchion          |    72 |   185 |   380 ||   637
       Bite              |     6 |    23 |    67 ||    96
       Punch             |       |     1 |     9 ||    10
Throw: Throwing net      |       |       |     1 ||     1
       Javelin           |       |       |    20 ||    20
 Cast: Infusion          |     3 |     8 |    22 ||    33
       Song of Slaying   |       |     8 |    11 ||    19
       Shroud of Golubri |       |     4 |    10 ||    14
Invok: Heroism           |       |       |     1 ||     1
Evoke: Wand              |       |       |     2 ||     2
  Use: Potion            |       |     3 |     5 ||     8
       Scroll            |       |     2 |     1 ||     3
 Stab: Sleeping          |     1 |     2 |    12 ||    15
       Held in net/web   |       |       |     1 ||     1
       Distracted        |       |       |     1 ||     1
  Eat: Chunk             |       |     7 |     8 ||    15
       Ration            |       |       |     2 ||     2
Armor: Leather armour    |    12 |    56 |    21 ||    89
       Chain mail        |       |       |    16 ||    16
       Ring mail         |       |       |    68 ||    68
Dodge: Dodged            |    52 |   192 |   263 ||   507
       Rpst.: Falchion   |    11 |    51 |    84 ||   146
